R+ - U24
RIVER CITY RUMBLERS @ DELCO JAWNS
09/05/2052
 
TOP OF THE 1ST
Cheyenne Chiefs batting - Pitching for Helena Brewers : RHP Anderson Puello
Pitching: RHP Anderson Puello
Batting: RHB Gilligan Eddy 0-0: Ball
1-0: Foul Ball, location: 2F
1-1: Foul Ball, location: 2F
1-2: SINGLE (Groundball, 56, EV 95.0 MPH)
Batting: RHB Jake Macias 0-0: Ball
1-0: Called Strike
1-1: Foul Ball, location: 2F
1-2: Strikes out swinging
Batting: LHB Clemente Collado 0-0: Fly out, F4 (Popup, 34D, EV 58.8 MPH)
Batting: RHB Barrett Heller 0-0: Ball
1-0: Foul Ball, location: 2F
1-1: Foul Ball, location: 2F
1-2: Fielders Choice at 2nd, 5-4 (Groundball, 5, EV 90.0 MPH)
Top of the 1st over - 0 runs, 1 hit, 0 errors, 1 left on base; Cheyenne 0 - Helena 0
BOTTOM OF THE 1ST
Helena Brewers batting - Pitching for Cheyenne Chiefs : LHP Keith Mourer
Pitching: LHP Keith Mourer
Batting: LHB Emiliano Mateo 0-0: Called Strike
0-1: Foul Ball, location: 2F
0-2: Ball
1-2: Ball
2-2: Foul Ball, location: 2F
2-2: Ball
3-2: Ground out 4-3 (Groundball, 4MS, EV 85.0 MPH)
Batting: RHB Louis Gardner 0-0: Called Strike
0-1: Called Strike
0-2: Ball
1-2: Strikes out swinging
Batting: RHB Derrick Moore 0-0: Ball
1-0: Ball
2-0: Ball
3-0: Called Strike
3-1: Base on Balls
Batting: RHB Jacob Murday 0-0: Ball
1-0: Ball
2-0: Foul Ball, location: 2F
2-1: Fly out, F7 (Flyball, 7S, EV 93.1 MPH)
Bottom of the 1st over - 0 runs, 0 hits, 0 errors, 1 left on base; Cheyenne 0 - Helena 0
TOP OF THE 2ND
Cheyenne Chiefs batting - Pitching for Helena Brewers : RHP Anderson Puello
Batting: SHB Bascom Mitchell 0-0: Ball
1-0: Foul Ball, location: 2F
1-1: Fly out, F9 (Flyball, 9, EV 86.2 MPH)
Batting: RHB Weston Dollinger 0-0: Called Strike
0-1: Ball
1-1: Fly out, F8 (Line Drive, 8RD, EV 92.5 MPH)
Batting: LHB Martes Sambo 0-0: Ground out 5-3 (Groundball, 56S, EV 88.1 MPH)
Top of the 2nd over - 0 runs, 0 hits, 0 errors, 0 left on base; Cheyenne 0 - Helena 0
BOTTOM OF THE 2ND
Helena Brewers batting - Pitching for Cheyenne Chiefs : LHP Keith Mourer
Batting: LHB Frederick McWilliams 0-0: Called Strike
0-1: Swinging Strike
0-2: Ball
1-2: Ball
2-2: Fly out, F5 (Popup, 15, EV 77.5 MPH)
Batting: RHB A.J. Gaudreault 0-0: Swinging Strike
0-1: Ball
1-1: Foul Ball, location: 2F
1-2: SINGLE (Groundball, 5L, EV 106.2 MPH) (infield hit)
Batting: RHB Tom Delva 0-0: Ball
1-0: Called Strike
1-1: Ball
2-1: Ball
3-1: Grounds into double play, 5-4-3 (Groundball, 56S, EV 85.0 MPH)
Bottom of the 2nd over - 0 runs, 1 hit, 0 errors, 0 left on base; Cheyenne 0 - Helena 0
TOP OF THE 3RD
Cheyenne Chiefs batting - Pitching for Helena Brewers : RHP Anderson Puello
Batting: SHB Aitor Garza 0-0: Ball
1-0: Ball
2-0: Ball
3-0: Called Strike
3-1: Swinging Strike
3-2: Foul Ball, location: 2F
3-2: Foul Ball, location: 2F
3-2: Strikes out looking
Batting: RHB Rudy Abdo 0-0: Called Strike
0-1: Ball
1-1: Swinging Strike
1-2: Ball
2-2: Foul Ball, location: 2F
2-2: Foul Ball, location: 2F
2-2: Ball
3-2: Strikes out swinging
Batting: RHB Gilligan Eddy 0-0: Called Strike
0-1: Ball
1-1: Called Strike
1-2: Foul Ball, location: 2F
1-2: Ball
2-2: Strikes out swinging
Top of the 3rd over - 0 runs, 0 hits, 0 errors, 0 left on base; Cheyenne 0 - Helena 0
BOTTOM OF THE 3RD
Helena Brewers batting - Pitching for Cheyenne Chiefs : LHP Keith Mourer
Batting: RHB Elias Mills 0-0: Ball
1-0: Swinging Strike
1-1: Swinging Strike
1-2: Strikes out swinging
Batting: RHB Harcourt Lawhorn 0-0: Ground out 1-3 (Groundball, 13S, EV 67.5 MPH)
Batting: LHB Emiliano Mateo 0-0: Called Strike
0-1: Ball
1-1: Foul Ball, location: 2F
1-2: Ground out U3 (Groundball, 3L, EV 99.4 MPH)
Bottom of the 3rd over - 0 runs, 0 hits, 0 errors, 0 left on base; Cheyenne 0 - Helena 0
TOP OF THE 4TH
Cheyenne Chiefs batting - Pitching for Helena Brewers : RHP Anderson Puello
Batting: RHB Jake Macias 0-0: Called Strike
0-1: Foul Ball, location: 2F
0-2: Ball
1-2: Fly out, F7 (Flyball, 78M, EV 93.8 MPH)
Batting: LHB Clemente Collado 0-0: Ball
1-0: Ball
2-0: Ground out 4-3 (Groundball, 34D, EV 96.9 MPH)
Batting: RHB Barrett Heller 0-0: Foul Ball, location: 2F
0-1: Foul Ball, location: 2F
0-2: SINGLE (Groundball, 6MD, EV 100.0 MPH)
Batting: SHB Bascom Mitchell 0-0: Ball
1-0: Foul Ball, location: 2F
1-1: Foul Ball, location: 2F
1-2: DOUBLE (Line Drive, 7LM, EV 104.4 MPH)
Barrett Heller to third
Batting: RHB Weston Dollinger 0-0: Ball
1-0: Ball
2-0: Called Strike
2-1: Called Strike
2-2: Fly out, F7 (Flyball, 7LM, EV 80.6 MPH)
Top of the 4th over - 0 runs, 2 hits, 0 errors, 2 left on base; Cheyenne 0 - Helena 0
BOTTOM OF THE 4TH
Helena Brewers batting - Pitching for Cheyenne Chiefs : LHP Keith Mourer
Batting: RHB Louis Gardner 0-0: Called Strike
0-1: Swinging Strike
0-2: Ground out 6-3 (Groundball, 6, EV 99.4 MPH)
Batting: RHB Derrick Moore 0-0: Ball
1-0: Called Strike
1-1: SINGLE (Line Drive, 6M, EV 95.6 MPH)
Batting: RHB Jacob Murday 0-0: Ball
1-0: Ball
2-0: Grounds into double play, 6-4-3 (Groundball, 6, EV 87.5 MPH)
Bottom of the 4th over - 0 runs, 1 hit, 0 errors, 0 left on base; Cheyenne 0 - Helena 0
TOP OF THE 5TH
Cheyenne Chiefs batting - Pitching for Helena Brewers : RHP Anderson Puello
Batting: LHB Martes Sambo 0-0: TRIPLE (Flyball, 89XD, EV 88.1 MPH)
Pinch Runner at 3rd Glenn McNamara:
Batting: SHB Aitor Garza 0-0: Called Strike
0-1: Swinging Strike
0-2: Hit by Pitch
Batting: RHB Rudy Abdo 0-0: Ball
1-0: Foul Ball, location: 2F
1-1: Foul Ball, location: 2F
1-2: Strikes out swinging
Batting: RHB Gilligan Eddy 0-0: Ball
1-0: Called Strike
1-1: DOUBLE (Flyball, 78D, EV 97.5 MPH)
Glenn McNamara scores
Aitor Garza to third
Batting: RHB Jake Macias 0-0: Swinging Strike
0-1: Ball
1-1: Ball
2-1: Foul Ball, location: 2F
2-2: Strikes out swinging
Batting: LHB Clemente Collado 0-0: Called Strike
0-1: Foul Ball, location: 2F
0-2: Ball
1-2: Ball
2-2: Strikes out swinging
Top of the 5th over - 1 run, 2 hits, 0 errors, 2 left on base; Cheyenne 1 - Helena 0
BOTTOM OF THE 5TH
Helena Brewers batting - Pitching for Cheyenne Chiefs : LHP Keith Mourer
Now in CF: Glenn McNamara
Batting: LHB Frederick McWilliams 0-0: Called Strike
0-1: Foul Ball, location: 2F
0-2: Ball
1-2: Foul Ball, location: 2F
1-2: Foul Ball, location: 2F
1-2: Strikes out swinging
Batting: RHB A.J. Gaudreault 0-0: Ball
1-0: Swinging Strike
1-1: Ball
2-1: SOLO HOME RUN (Flyball, 78XD, EV 108.8 MPH), Distance : 421 ft
Batting: RHB Tom Delva 0-0: Ball
1-0: Swinging Strike
1-1: Foul Ball, location: 2F
1-2: Ball
2-2: Ground out 6-3 (Groundball, 6M, EV 86.2 MPH)
Batting: RHB Elias Mills 0-0: Ground out 5-3 (Groundball, 56, EV 84.4 MPH)
Bottom of the 5th over - 1 run, 1 hit, 0 errors, 0 left on base; Cheyenne 1 - Helena 1
TOP OF THE 6TH
Cheyenne Chiefs batting - Pitching for Helena Brewers : RHP Anderson Puello
Batting: RHB Barrett Heller 0-0: Ground out 4-3 (Groundball, 4MD, EV 102.5 MPH)
Batting: SHB Bascom Mitchell 0-0: Ball
1-0: Called Strike
1-1: SINGLE (Line Drive, 8RS, EV 92.5 MPH)
Batting: RHB Weston Dollinger 0-0: Called Strike
0-1: Ball
1-1: Swinging Strike
1-2: Ball
2-2: Strikes out looking
Batting: LHB Glenn McNamara 0-0: Called Strike
0-1: Ball
1-1: Ball
2-1: Ball
3-1: Called Strike
3-2: Strikes out swinging
Top of the 6th over - 0 runs, 1 hit, 0 errors, 1 left on base; Cheyenne 1 - Helena 1
BOTTOM OF THE 6TH
Helena Brewers batting - Pitching for Cheyenne Chiefs : LHP Keith Mourer
Batting: RHB Harcourt Lawhorn 0-0: Called Strike
0-1: Foul Ball, location: 2F
0-2: Fly out, F2 (Popup, 3SF, EV 72.5 MPH)
Batting: LHB Emiliano Mateo 0-0: Ball
1-0: Ball
2-0: Ball
3-0: Called Strike
3-1: Base on Balls
Batting: RHB Louis Gardner 0-0: Ball
1-0: Called Strike
1-1: Ball
2-1: Foul Ball, location: 2F
2-2: Ball
3-2: Foul Ball, location: 2F
3-2: SINGLE (Flyball, 89S, EV 88.8 MPH)
Emiliano Mateo to second
Runner from 2nd tries for 3rd, SAFE, no throw by CF
Batting: RHB Derrick Moore 0-0: Called Strike
0-1: Ball
1-1: Fly out, F7 (Flyball, 78D, EV 102.5 MPH)
Runner from 3rd tags up, SCORES, no throw by LF
Batting: RHB Jacob Murday 0-0: Ball
1-0: Ball
2-0: Ball
3-0: Base on Balls
Louis Gardner to second
Batting: LHB Frederick McWilliams 0-0: Called Strike
0-1: Ball
1-1: Foul Ball, location: 2F
1-2: Ball
2-2: Ground out 3-1 (Groundball, 34, EV 91.9 MPH)
Bottom of the 6th over - 1 run, 1 hit, 0 errors, 2 left on base; Cheyenne 1 - Helena 2
TOP OF THE 7TH
Cheyenne Chiefs batting - Pitching for Helena Brewers : RHP Anderson Puello
Batting: SHB Aitor Garza 0-0: Ball
1-0: Ball
2-0: Called Strike
2-1: Ball
3-1: Swinging Strike
3-2: Foul Ball, location: 2F
3-2: Strikes out swinging
Batting: RHB Rudy Abdo 0-0: Ball
1-0: Ball
2-0: Ball
3-0: Called Strike
3-1: Ground out 5-3 (Groundball, 56, EV 98.1 MPH)
Batting: RHB Gilligan Eddy 0-0: Ball
1-0: Ball
2-0: Called Strike
2-1: Ball
3-1: Foul Ball, location: 2F
3-2: Strikes out swinging
Top of the 7th over - 0 runs, 0 hits, 0 errors, 0 left on base; Cheyenne 1 - Helena 2
BOTTOM OF THE 7TH
Helena Brewers batting - Pitching for Cheyenne Chiefs : LHP Keith Mourer
Pitching: RHP Xander Greer
Batting: RHB A.J. Gaudreault 0-0: DOUBLE (Line Drive, 3D, EV 95.0 MPH)
Batting: RHB Tom Delva 0-0: Ground out 5-3 (Groundball, 56S, EV 84.4 MPH)
Batting: RHB Elias Mills 0-0: Intentional Walk
Batting: RHB Harcourt Lawhorn 0-0: Ball
1-0: Ball
2-0: Ground out 5-3 (Groundball, 56S, EV 87.5 MPH)
A.J. Gaudreault to third
Elias Mills to second
Batting: LHB Emiliano Mateo 0-0: DOUBLE (Line Drive, 7LM, EV 102.5 MPH)
A.J. Gaudreault scores
Elias Mills scores
Batting: RHB Louis Gardner 0-0: Ball
1-0: Ball
2-0: Ball
3-0: Foul Ball, location: 2F
3-1: Swinging Strike
3-2: Foul Ball, location: 2F
3-2: Foul Ball, location: 2F
3-2: Base on Balls
Batting: RHB Derrick Moore 0-0: Fly out, F7 (Line Drive, 7, EV 85.6 MPH)
Bottom of the 7th over - 2 runs, 2 hits, 0 errors, 2 left on base; Cheyenne 1 - Helena 4
TOP OF THE 8TH
Cheyenne Chiefs batting - Pitching for Helena Brewers : RHP Anderson Puello
Pitching: RHP Matt Greco
Now in LF: Louis Gardner
Now in RF: D.J. Keen
Batting: RHB Jake Macias 0-0: SINGLE (Line Drive, 3D, EV 98.8 MPH)
Batting: LHB Clemente Collado 0-0: Foul Ball, location: 2F
0-1: Ball
1-1: Foul Ball, location: 2F
1-2: Strikes out swinging
Pinch Hitting: LHB Rodrigo Samand 0-0: Fielders Choice at 2nd, 3-6 (Groundball, 34, EV 100.6 MPH)
Batting: SHB Bascom Mitchell 0-0: Ball
1-0: Ball
2-0: Ball
3-0: Base on Balls
Rodrigo Samand to second
Batting: RHB Weston Dollinger 0-0: Ground out 6-3 (Groundball, 56, EV 110.0 MPH)
Top of the 8th over - 0 runs, 1 hit, 0 errors, 2 left on base; Cheyenne 1 - Helena 4
BOTTOM OF THE 8TH
Helena Brewers batting - Pitching for Cheyenne Chiefs : RHP Xander Greer
Now at 1B: Rodrigo Samand
Batting: RHB Jacob Murday 0-0: Called Strike
0-1: Foul Ball, location: 2F
0-2: Ball
1-2: Fly out, F8 (Flyball, 8LD, EV 97.5 MPH)
Batting: LHB Frederick McWilliams 0-0: Called Strike
0-1: Ball
1-1: Foul Ball, location: 2F
1-2: Ball
2-2: Foul Ball, location: 2F
2-2: Foul Ball, location: 2F
2-2: Strikes out swinging
Batting: RHB A.J. Gaudreault 0-0: Ball
1-0: Ball
2-0: Called Strike
2-1: DOUBLE (Line Drive, 78M, EV 88.8 MPH)
Pitching: RHP Bryan Stokke
Batting: RHB Tom Delva 0-0: Ball
1-0: Ball
2-0: Foul Ball, location: 2F
2-1: Foul Ball, location: 2F
2-2: Foul Ball, location: 2F
2-2: Fly out, F7 (Flyball, 7S, EV 89.4 MPH)
Bottom of the 8th over - 0 runs, 1 hit, 0 errors, 1 left on base; Cheyenne 1 - Helena 4
TOP OF THE 9TH
Cheyenne Chiefs batting - Pitching for Helena Brewers : RHP Matt Greco
Pitching: RHP Mike Johns
Now at 1B: John Bryan
Batting: LHB Glenn McNamara 0-0: Called Strike
0-1: Ball
1-1: Ball
2-1: Ball
3-1: Foul Ball, location: 2F
3-2: Foul Ball, location: 2F
3-2: Base on Balls
Batting: SHB Aitor Garza 0-0: Foul Ball, location: 2F
0-1: Ball
1-1: Ball
2-1: Foul Ball, location: 2F
2-2: Foul Ball, location: 2F
2-2: Ball
3-2: Foul Ball, location: 2F
3-2: Strikes out swinging
Pinch Hitting: RHB Stuart Francis 0-0: Called Strike
0-1: Foul Ball, location: 2F
0-2: Foul Ball, location: 2F
0-2: Ball
1-2: Strikes out swinging
Batting: RHB Gilligan Eddy 0-0: Ball
1-0: Called Strike
1-1: Foul Ball, location: 2F
1-2: Ball
2-2: Ball
3-2: Foul Ball, location: 2F
3-2: Base on Balls
Glenn McNamara to second
Batting: RHB Jake Macias 0-0: Swinging Strike
0-1: Ball
1-1: Ball
2-1: Ball
3-1: Foul Ball, location: 2F
3-2: Strikes out looking
Top of the 9th over - 0 runs, 0 hits, 0 errors, 2 left on base; Cheyenne 1 - Helena 4
Monday, May 6th , 2024 - OOTP Baseball 24.11 Build 85